[Event "*** Titled Tuesday Blitz"]
[Site "Chess.com"]
[Date "2018.12.04"]
[Round "2"]
[White "TheRigos"]
[Black "DiogenesSinopeus"]
[Result "1-0"]
[WhiteElo "2404"]
[BlackElo "2422"]
[TimeControl "180+2"]
[EndTime "13:21:04 PST"]
[Termination "TheRigos won by resignation"]

1. e4 e5 2. f4 Bc5 3. Nf3 d6 4. c3 Bb6 5. d4 exd4 6. cxd4 Bg4 7. Nc3 Nc6 8. d5 Nd4 9. Qa4+ Bd7 10. Qd1 Nxf3+ 11. Qxf3 Nf6 12. h3 Qe7 13. Bd3 O-O-O 14. Bd2 Rhe8 15. O-O-O Kb8 16. Rhe1 Bd4 17. g4 Bc8 18.
Kb1 a6 19. Be3 Bxe3 20. Rxe3 Nd7 21. Rde1 f6 22. Qd1 g5 23. fxg5 fxg5 24. Qb3 Rf8 25. Na4 Ka7 26. Rc1 Ne5 27. Be2 Rf2 28. Rec3 Rxe2 29.
Rxc7 Rd7 30. Qb6+ 1-0

[Event "*** Titled Tuesday Blitz"]
[Site "Chess.com"]
[Date "2018.12.04"]
[Round "2"]
[White "wadsy27"]
[Black "MikaelyanArman"]
[Result "0-1"]
[WhiteElo "2417"]
[BlackElo "2785"]
[TimeControl "180+2"]
[EndTime "13:21:06 PST"]
[Termination "MikaelyanArman won by resignation"]

1. Nf3 d5 2. g3 Nc6 3. d4 Bf5 4. Bg2 Nb4 5. Na3 e6 6. O-O h6 7. c3 Nc6 8. b4 Nf6 9. Nc2 Be7 10. a4 O-O 11. a5 a6 12. Bb2 Ne4 13. Nce1 Nd6 14. Nd2 Bh7 15. Nd3 b6 16. Qa4 b5 17.
Qd1 Rb8 18. Nc5 Nc4 19. Nxc4 Bxc5 20. Nd2 Be7 21. e4 Bg5 22. f4 Bf6 23. e5 Be7 24. Qg4 Qd7 25. Rae1 Bd8 26. h4 Ne7 27. Bh3 Bf5 28.
Qf3 Bxh3 29. Rf2 Bf5 30. g4 Bh7 31. Nf1 Be4 32. Qh3 Ng6 33. h5 Bh4 34. hxg6 Bxf2+ 35. Kxf2 fxg6 36. Kg3 g5 37. Nd2 Rxf4 38. Nxe4 dxe4 39. Bc1 Rf3+ 0-1

[Event "*** Titled Tuesday Blitz"]
[Site "Chess.com"]
[Date "2018.12.04"]
[Round "2"]
[White "dretch"]
[Black "vpantev"]
[Result "1-0"]
[WhiteElo "2810"]
[BlackElo "2637"]
[TimeControl "180+2"]
[EndTime "13:21:08 PST"]
[Termination "dretch won by resignation"]

1. d4 Nf6 2. c4 e6 3. Nc3 Bb4 4. Qc2 O-O 5. e4 d6 6. a3 Bxc3+ 7. bxc3 e5 8. Bd3 Re8 9. Ne2 b6 10. O-O Bb7 11. Ng3 Nc6 12. f4 exd4 13. Bb2 dxc3 14. Bxc3 Bc8 15. h3 h6 16. Rad1 Bd7 17. Qb2 Qe7 18.
Rde1 Be6 19. Kh1 a6 20. Nf5 Bxf5 21. exf5 Qf8 22. Bxf6 gxf6 23. Be4 Na5 24. Bxa8 Rxa8 25. Rf3 Qd8 26. Re4 Kh7 27. Qe2 d5 28. Re7 Qf8 29.
Qe6 1-0

[Event "*** Titled Tuesday Blitz"]
[Site "Chess.com"]
[Date "2018.12.04"]
[Round "2"]
[White "KenanGarayev"]
[Black "walkingcreep"]
[Result "1-0"]
[WhiteElo "2749"]
[BlackElo "2570"]
[TimeControl "180+2"]
[EndTime "13:21:08 PST"]
[Termination "KenanGarayev won by resignation"]

1. d4 Nf6 2. Bg5 Ne4 3. Bh4 c6 4. f3 Qa5+ 5. c3 Qh5 6. g3 g5 7. fxe4 gxh4 8. Nf3 hxg3 9. Qd3 d6 10. Bg2 gxh2 11.
Rxh2 Qg4 12. Nbd2 Qg3+ 13. Kd1 Be6 14. Kc2 d5 15. exd5 cxd5 16. e4 Qc7 17. Rh5 Nc6 18.
a3 dxe4 19. Qxe4 Rg8 20. Bh3 Bxh3 21. Rxh3 O-O-O 22. Rxh7 e6 23. Rf1 Bd6 24. Nc4 Bf4 25. Kb1 Nxd4 26. Nxd4 Qxc4 27. Rxf4 Rg1+ 28. Kc2 Qa4+ 29.
Nb3 Qd7 30. Qc4+ Kb8 31. Rd4 Qe8 32. Rxd8+ Qxd8 33. Qd4 Qg8 34. Rh8 1-0

[Event "*** Titled Tuesday Blitz"]
[Site "Chess.com"]
[Date "2018.12.04"]
[Round "2"]
[White "Mikhail_Golubev"]
[Black "Keaton87"]
[Result "0-1"]
[WhiteElo "2468"]
[BlackElo "2538"]
[TimeControl "180+2"]
[EndTime "13:21:13 PST"]
[Termination "Keaton87 won on time"]

1. e4 c5 2. Nf3 e6 3. d4 cxd4 4. Nxd4 a6 5. Bd3 Bc5 6. Be3 Qb6 7. c3 Qxb2 8. Nd2 Qb6 9. O-O Qc7 10. Qg4 Kf8 11. f4 Nf6 12. Qg5 Be7 13. Qg3 h5 14. c4 Ng4 15. Kh1 Nxe3 16. Qxe3 Nc6 17. N4f3 b6 18. Nb3 Bb7 19. e5 Nb4 20. f5 Rc8 21. fxe6 dxe6 22. Bg6 fxg6 23. Ng5+ Kg8 0-1

[Event "*** Titled Tuesday Blitz"]
[Site "Chess.com"]
[Date "2018.12.04"]
[Round "2"]
[White "Kawhi_Leonard2"]
[Black "volcanoexplorer"]
[Result "1-0"]
[WhiteElo "2281"]
[BlackElo "2395"]
[TimeControl "180+2"]
[EndTime "13:21:13 PST"]
[Termination "Kawhi_Leonard2 won by resignation"]

1. e4 e5 2. Nf3 Nc6 3. Bb5 a6 4. Bxc6 dxc6 5. O-O Bg4 6. h3 Bh5 7. g4 Bg6 8. Nxe5 Qh4 9. Qf3 f6 10. Nxg6 hxg6 11. Kg2 g5 12. d3 Ne7 13. Nd2 O-O-O 14. Rh1 Kb8 15. Qe2 Ng6 16. Nf3 Qh7 17. Rb1 Bd6 18. b4 Bf4 19. Be3 Qg8 20. a4 Qe6 21. b5 Rxh3 22. Rxh3 Qxg4+ 23. Rg3 Nh4+ 24. Kf1 Bxg3 25. Nxg5 Qxe2+ 26. Kxe2 Be5 27. Nf7 Rf8 28. Nxe5 fxe5 29. bxc6 b6 30. a5 b5 31. c4 Nf3 32. cxb5 axb5 33. Rxb5+ Ka8 34. Rb7 Nd4+ 35. Bxd4 exd4 36. Rxc7 Rb8 37. Rxg7 Rb2+ 38. Kf3 Rc2 39. Rd7 Rxc6 40. Rxd4 Rc5 41. Rd5 Rc3 42. Ke3 Kb7 43. f4 Ra3 44. f5 Ra1 45. f6 Re1+ 46. Kd4 Rf1 47. Rf5 Rc1 48. f7 1-0

[Event "*** Titled Tuesday Blitz"]
[Site "Chess.com"]
[Date "2018.12.04"]
[Round "2"]
[White "tango_argentino"]
[Black "capatl"]
[Result "0-1"]
[WhiteElo "2471"]
[BlackElo "2552"]
[TimeControl "180+2"]
[EndTime "13:21:16 PST"]
[Termination "capatl won by resignation"]

1. e4 c5 2. Nf3 e6 3. b3 a6 4. Bb2 b6 5. Bd3 Bb7 6. O-O d6 7. Re1 Nd7 8. c3 Ngf6 9. Bc2 Be7 10. d4 O-O 11. Nbd2 Rc8 12. e5 Nd5 13. Ne4 dxe5 14.
dxe5 c4 15. bxc4 Nf4 16. Qc1 Ng6 17. c5 Nxc5 18. Nxc5 Rxc5 19. Qe3 Bxf3 20. Qxf3 Nxe5 21. Qe2 Nc4 22. Rad1 Qc7 23. Bc1 Bg5 24. Qe4 g6 25. Bxg5 Rxg5 26. Bb3 Rc5 27. Rd4 Nd6 28. Qf4 e5 29.
Rxe5 Rxe5 30. Qxe5 Re8 31. Bxf7+ Qxf7 0-1

[Event "*** Titled Tuesday Blitz"]
[Site "Chess.com"]
[Date "2018.12.04"]
[Round "2"]
[White "nailbeshirli"]
[Black "sergiochess83"]
[Result "1/2-1/2"]
[WhiteElo "2580"]
[BlackElo "2759"]
[TimeControl "180+2"]
[EndTime "13:21:24 PST"]
[Termination "Game drawn by agreement"]

1. e4 c5 2. Nf3 e6 3. Nc3 Nc6 4. Bb5 Nge7 5. d4 cxd4 6. Nxd4 Nxd4 7. Qxd4 a6 8. Be2 Nc6 9. Qe3 b5 10. O-O Be7 11. a4 b4 12. Nd5 exd5 13. exd5 O-O 14. dxc6 dxc6 15. Rd1 Qc7 16. Qf4 Qxf4 17. Bxf4 Bf6 18.
c3 bxc3 19. bxc3 Bf5 20. Bf3 Rad8 21. Rxd8 Rxd8 22. g4 Be6 23. g5 Bxc3 24. Rc1 Bb4 25. Rxc6 a5 26. Ra6 Bd7 27. Kg2 Bxa4 28. Bc7 Rc8 29.
Bxa5 Bxa5 30. Rxa5 Bd7 31. Bb7 Rb8 32. Bd5 Be6 33.
Bf3 h6 34. h4 hxg5 35. hxg5 g6 36. Kg3 Rb4 37. Rc5 1/2-1/2

[Event "*** Titled Tuesday Blitz"]
[Site "Chess.com"]
[Date "2018.12.04"]
[Round "2"]
[White "Chessnut2018"]
[Black "hansen"]
[Result "0-1"]
[WhiteElo "1400"]
[BlackElo "2789"]
[TimeControl "180+2"]
[EndTime "13:21:25 PST"]
[Termination "hansen won by resignation"]

1. d4 Nf6 2. e3 g6 3. f4 Bg7 4. Nf3 c5 5. Bd3 O-O 6. O-O Qc7 7.
c3 d6 8. Ng5 Nc6 9. Ne4 Nd5 10.
c4 Ndb4 11. d5 Nxd3 12. Qxd3 Nb4 13. Qd2 Bf5 14. Nbc3 Bxc3 15. bxc3 Bxe4 16. cxb4 cxb4 17. Bb2 Qxc4 18. Rac1 Qxd5 19. Qxd5 Bxd5 20. Rc7 Rfe8 21. Rfc1 a5 22. Kf2 f6 23. g4 Kf7 24. Ke2 b5 25.
Kd2 Bxa2 26. e4 Bc4 27. Ke3 Rec8 28. Rxc8 Rxc8 29. Kd4 a4 30. h4 a3 31. Ba1 e5+ 32. fxe5 fxe5+ 33. Ke3 b3 34. Bc3 b2 35. Bxb2 axb2 36. Rb1 Ra8 37. Rxb2 Ra3+ 38. Kf2 Ra2 39. Rxa2 Bxa2 40. Ke3 Ke6 41. Kd2 Bb1 42. Kc3 Bxe4 43. Kb4 d5 44. Kxb5 Bf3 45. g5 e4 46. Kb4 d4 0-1

[Event "*** Titled Tuesday Blitz"]
[Site "Chess.com"]
[Date "2018.12.04"]
[Round "2"]
[White "nitpicker"]
[Black "Laico"]
[Result "1-0"]
[WhiteElo "2192"]
[BlackElo "2241"]
[TimeControl "180+2"]
[EndTime "13:21:27 PST"]
[Termination "nitpicker won by checkmate"]

1. d4 e6 2. c4 f5 3. Nf3 b6 4. a3 Bb7 5. d5 Bd6 6. g3 Nf6 7. Nc3 O-O 8. Bg2 e5 9. e4 f4 10. gxf4 exf4 11. e5 Re8 12. Bxf4 Bxe5 13. Nxe5 d6 14.
O-O dxe5 15. Bg3 Nbd7 16. Re1 a6 17. Ne4 Nxe4 18. Rxe4 Qg5 19. Qe2 b5 20. f4 Qg6 21.
fxe5 bxc4 22. Rxc4 Nb6 23. Rg4 Qf7 24. e6 Qe7 25.
Be5 g6 26. Bd4 Qd6 27. Qe3 Bxd5 28. Qh6 Re7 29. Rxg6+ hxg6 30. Qh8# 1-0

[Event "*** Titled Tuesday Blitz"]
[Site "Chess.com"]
[Date "2018.12.04"]
[Round "2"]
[White "AliKa2810"]
[Black "Caminator2000"]
[Result "0-1"]
[WhiteElo "2486"]
[BlackElo "2362"]
[TimeControl "180+2"]
[EndTime "13:21:32 PST"]
[Termination "Caminator2000 won by resignation"]

1. e4 a6 2. d4 b5 3. Bd3 Bb7 4. Nf3 e6 5. O-O Be7 6. Re1 Nf6 7. c3 d5 8. e5 Nfd7 9. a4 b4 10. a5 c5 11. Nbd2 c4 12. Bb1 Nc6 13. Nf1 Nxa5 14.
Bc2 b3 15. Bb1 Nc6 16. Ng3 a5 17. Nh5 g6 18. Ng3 a4 19. Qe2 Nb6 20. Qe3 a3 21.
bxa3 Na4 22. Qd2 Na7 23. Bb2 Nb5 24. Ne2 O-O 25. h4 Nxb2 26. Qxb2 Rxa3 27. Rxa3 Nxa3 28.
h5 Qa5 29. Nf4 Nxb1 30. Rxb1 Qa2 31. Qc1 Ra8 32. hxg6 hxg6 33. Rb2 Ba3 34. Rxa2 Bxc1 0-1

[Event "*** Titled Tuesday Blitz"]
[Site "Chess.com"]
[Date "2018.12.04"]
[Round "2"]
[White "NateSolon"]
[Black "Bad_left_hook"]
[Result "1-0"]
[WhiteElo "2492"]
[BlackElo "2512"]
[TimeControl "180+2"]
[EndTime "13:21:35 PST"]
[Termination "NateSolon won by resignation"]

1. e4 c5 2. Nc3 Nc6 3. Bb5 Nd4 4.
Nf3 Nxb5 5. Nxb5 a6 6. Nc3 d6 7.
d4 cxd4 8. Qxd4 Nf6 9. Bg5 e6 10.
O-O-O Be7 11. e5 dxe5 12. Qxe5 Bd7 13. Qg3 O-O 14. Bh6 Ne8 15. Ne5 Bh4 16. Qg4 f5 17.
Qh5 gxh6 18. Nxd7 Qg5+ 19. Qxg5+ Bxg5+ 20. Kb1 Rf7 21. Nc5 Ng7 22. Rhe1 Re7 23. Rd6 Kf7 24.
Rb6 Ra7 25. Ne2 Rc7 26. Nd3 Bd8 27. Nd4 Re7 28. Rb3 b5 29. Nc6 Rad7 30. Nxe7 Rxe7 31. Nc5 Ra7 32. f4 Bb6 33. Nd3 Ne8 34. Ne5+ Kf6 35. Rd3 Ke7 36. Nc6+ 1-0

[Event "*** Titled Tuesday Blitz"]
[Site "Chess.com"]
[Date "2018.12.04"]
[Round "2"]
[White "TheBigBadChessDad"]
[Black "baki83"]
[Result "0-1"]
[WhiteElo "2279"]
[BlackElo "2386"]
[TimeControl "180+2"]
[EndTime "13:21:36 PST"]
[Termination "baki83 won by resignation"]

1. d4 Nf6 2. Nf3 g6 3. Bg5 Bg7 4. Nbd2 O-O 5. c3 d6 6. e4 c5 7. dxc5 dxc5 8. Bc4 Nc6 9. a4 h6 10. Bh4 Nh5 11. O-O g5 12. Nxg5 hxg5 13. Qxh5 gxh4 14. Nf3 Qd6 15. Ng5 Qh6 16. Bxf7+ Kh8 17. f4 Qxh5 18.
Bxh5 Bh6 19. Nf7+ Kg7 20. Nxh6 Kxh6 21. Be2 Be6 22. g4 hxg3 23. hxg3 Rad8 24. Rad1 Rxd1 25. Rxd1 Rd8 26. Rxd8 Nxd8 27. g4 Bb3 28. a5 Ne6 29. f5 Nf4 30. Bf3 Nd3 31. Be2 Ne5 32. Kf2 Kg5 33.
Kg3 Bc2 34. Bf3 b6 35. axb6 axb6 36. b4 c4 37. b5 Ba4 0-1

[Event "*** Titled Tuesday Blitz"]
[Site "Chess.com"]
[Date "2018.12.04"]
[Round "2"]
[White "burbur555"]
[Black "Gr3egor"]
[Result "0-1"]
[WhiteElo "2553"]
[BlackElo "2501"]
[TimeControl "180+2"]
[EndTime "13:21:44 PST"]
[Termination "Gr3egor won by resignation"]

1. d4 Nf6 2. c4 g6 3. Nc3 Bg7 4. e4 d6 5. Nf3 O-O 6. Be2 e5 7.
O-O Nc6 8. Be3 Ng4 9. Bg5 f6 10. Bc1 f5 11. dxe5 Ncxe5 12. Nxe5 Nxe5 13. exf5 Bxf5 14. Bf4 c6 15. Bg3 Qf6 16. Qb3 Rf7 17. Rad1 g5 18. Qa3 Bf8 19. Qb3 g4 20. f4 Ng6 21. Kh1 h5 22. Bd3 h4 23. Be1 Bxd3 24. Rxd3 Nxf4 25.
Ne2 Re8 26. Re3 Nxe2 27. Rxf6 Rxf6 28. c5+ d5 29. Rf3 gxf3 30. gxf3 Bxc5 31. Bxh4 Rg6 32. Bg3 Nxg3+ 33. hxg3 Rxg3 34. Qc3 Re7 35. Kh2 Rg6 0-1

[Event "*** Titled Tuesday Blitz"]
[Site "Chess.com"]
[Date "2018.12.04"]
[Round "2"]
[White "Alexander_Donchenko"]
[Black "Chessialist"]
[Result "1-0"]
[WhiteElo "2686"]
[BlackElo "2532"]
[TimeControl "180+2"]
[EndTime "13:21:48 PST"]
[Termination "Alexander_Donchenko won by resignation"]

1. Nf3 Nf6 2. c4 e6 3. g3 d5 4. d4 Be7 5. Bg2 O-O 6. O-O dxc4 7. Ne5 Nc6 8. Bxc6 bxc6 9. Nxc6 Qe8 10. Nxe7+ Qxe7 11. Na3 c5 12. dxc5 Qxc5 13. Be3 Qc6 14. Qc2 Bb7 15. f3 Nd5 16. Bf2 c3 17. Rfc1 cxb2 18.
Qxb2 Qd7 19. Rab1 Nb6 20. Nc4 Bd5 21. Ne5 Qd6 22. Bc5 Qd8 23. Bxf8 Qxf8 24. e4 Bb7 25. Nd7 Nxd7 26. Qxb7 Ne5 27. Kg2 Rd8 28. Rc2 h5 29. Qxa7 h4 30. Rb3 Qd6 31. Qc7 Qd1 32. Rf2 hxg3 33.
hxg3 Ng6 34. Rb8 Rxb8 35. Qxb8+ Kh7 36. Qb5 e5 37. Qb3 Qc1 38. Qxf7 Qg5 39. Qd7 Nf4+ 40.
Kf1 Ng6 41. Qh3+ Kg8 42. Qe6+ Kh7 43. Rh2+ 1-0

[Event "*** Titled Tuesday Blitz"]
[Site "Chess.com"]
[Date "2018.12.04"]
[Round "2"]
[White "Parhamov"]
[Black "731291"]
[Result "1-0"]
[WhiteElo "2850"]
[BlackElo "2598"]
[TimeControl "180+2"]
[EndTime "13:21:49 PST"]
[Termination "Parhamov won by resignation"]

1. Nf3 Nf6 2. g3 b6 3. d4 Bb7 4. c4 g6 5. Nc3 Bg7 6. d5 O-O 7. e4 d6 8. Bg2 e5 9. O-O a5 10. Ne1 Na6 11. Be3 Nd7 12. a3 f5 13. exf5 gxf5 14.
f4 Qe7 15. Nc2 Rae8 16. Qd2 Nac5 17. Rae1 Ba6 18. Nb5 Bxb5 19. cxb5 a4 20. Nb4 Nb3 21. Qc2 Ndc5 22. Nc6 Qf6 23. fxe5 dxe5 24. Bh3 e4 25. Re2 Qg6 26. Qc4 Kh8 27. Ref2 f4 28. Rxf4 Rxf4 29. Rxf4 Nd3 30. Rg4 Qh5 31. d6 Qxh3 32. Qf7 Rg8 33. Ne7 1-0

[Event "*** Titled Tuesday Blitz"]
[Site "Chess.com"]
[Date "2018.12.04"]
[Round "2"]
[White "theblitzchamp"]
[Black "chessking2151"]
[Result "1-0"]
[WhiteElo "2710"]
[BlackElo "2558"]
[TimeControl "180+2"]
[EndTime "13:21:49 PST"]
[Termination "theblitzchamp won by resignation"]

1. e4 c5 2. Nf3 Nc6 3. d4 cxd4 4. Nxd4 Nf6 5. Nc3 e5 6. Ndb5 d6 7. Nd5 Nxd5 8. exd5 Ne7 9. c3 a6 10. Qa4 axb5 11. Bxb5+ Bd7 12. Bxd7+ Qxd7 13. Qxa8+ Nc8 14. Be3 f5 15. f4 Kf7 16. O-O e4 17. b4 Be7 18. Qa3 Bf6 19. Rac1 Ne7 20. c4 b5 21.
Rfd1 g5 22. c5 Ng6 23. c6 Qc8 24. Qa7+ Ne7 25. fxg5 Be5 26. Bd4 Qa8 27. Qd7 Bxd4+ 28. Rxd4 Rg8 29. Qe6+ Kf8 30. Qxd6 Rxg5 31. Qf6+ Ke8 32.
Qxg5 Qa7 33. Rd1 e3 34. Qxe3 Kf7 35. Kh1 Nxd5 36. Qf3 Ne7 37. Rd7 Qxa2 38. Qxf5+ Kg8 39. Rxe7 Qxg2+ 40. Kxg2 1-0

[Event "*** Titled Tuesday Blitz"]
[Site "Chess.com"]
[Date "2018.12.04"]
[Round "2"]
[White "AquivaRubinstein"]
[Black "LonesomeGeorge1"]
[Result "0-1"]
[WhiteElo "2395"]
[BlackElo "2417"]
[TimeControl "180+2"]
[EndTime "13:21:50 PST"]
[Termination "LonesomeGeorge1 won by resignation"]

1. d4 Nf6 2. c4 g6 3. Nc3 Bg7 4. e4 d6 5. Nf3 O-O 6. Be2 Nbd7 7. O-O e5 8. Be3 Re8 9. Qc2 Nh5 10. Rfe1 Nf4 11. Bf1 c6 12. Rad1 Qf6 13. dxe5 dxe5 14. c5 Nf8 15. Rd6 Qe7 16. Nd2 N8e6 17. g3 Nd4 18.
Qd1 Nfe6 19. b4 a5 20. a3 axb4 21. axb4 b6 22. Nc4 bxc5 23. bxc5 Nxc5 24. Bxd4 exd4 25. Rxd4 Bxd4 26. Qxd4 Ne6 27. Qd2 Ba6 28. e5 Bxc4 29. Bxc4 Qc5 30. Ba2 Rad8 31. Qb2 Nd4 32. Kg2 Rxe5 33.
Ne4 Qe7 34. f3 c5 35. Qc3 Re8 36. Rb1 Nxf3 37. Qxf3 Rxe4 38. Bxf7+ Qxf7 0-1

[Event "*** Titled Tuesday Blitz"]
[Site "Chess.com"]
[Date "2018.12.04"]
[Round "2"]
[White "JMatias"]
[Black "GulamaliRises"]
[Result "0-1"]
[WhiteElo "2362"]
[BlackElo "2658"]
[TimeControl "180+2"]
[EndTime "13:21:52 PST"]
[Termination "GulamaliRises won by resignation"]

1. e3 Nf6 2. d4 g6 3. Be2 Bg7 4.
c4 O-O 5. Nf3 d6 6. Nc3 Nbd7 7.
O-O c6 8. Qc2 e5 9. Rd1 Qe7 10.
b3 e4 11. Nd2 Re8 12. b4 Nf8 13. Nb3 Bf5 14. Bb2 h5 15. d5 h4 16. dxc6 bxc6 17. h3 g5 18. Rd2 Ng6 19. Na5 Rac8 20. Qd1 Red8 21. a3 Ne5 22. Na4 Nd3 23. Bd4 c5 24. Bc3 Qe6 25. b5 d5 26. cxd5 Nxd5 27. Bxg7 Kxg7 28. Nc6 Rxc6 29. bxc6 Qxc6 30. Bxd3 exd3 31.
Rxd3 Bxd3 32. Qxd3 Qxa4 33. e4 Qd4 34. Qxd4+ cxd4 35. exd5 Rxd5 36. Rd1 d3 37. f3 Kf6 38. Kf2 Ke5 39.
Ke3 d2 40. Rxd2 Rxd2 41. Kxd2 Kd4 42. a4 a5 43. Ke2 Kc4 44. f4 f6 45. fxg5 fxg5 46.
Kf3 Kb4 47. Kg4 Kxa4 48. Kxg5 Kb5 49. Kxh4 a4 50. g4 a3 51. g5 a2 52. Kh5 a1=Q 53.
Kg6 Qh8 0-1

[Event "*** Titled Tuesday Blitz"]
[Site "Chess.com"]
[Date "2018.12.04"]
[Round "2"]
[White "toog"]
[Black "kirillgenius"]
[Result "0-1"]
[WhiteElo "2200"]
[BlackElo "2160"]
[TimeControl "180+2"]
[EndTime "13:21:55 PST"]
[Termination "kirillgenius won by resignation"]

1. e4 c5 2. Nf3 e6 3. d4 cxd4 4. Nxd4 Nf6 5. Nc3 Nc6 6. Ndb5 Bb4 7. Na3 Nxe4 8. Bd2 Nxd2 9. Qxd2 d5 10. Nab5 d4 11. a3 dxc3 12. Qxd8+ Kxd8 13. axb4 cxb2 14. Rd1+ Ke7 15. c3 Bd7 16. Be2 a5 17. O-O axb4 18.
cxb4 Nxb4 19. Rb1 Bxb5 20. Bxb5 Ra5 21. Be2 Nd5 22. Rxb2 b6 23. Bf3 Rb8 24. Rfb1 b5 25. Bxd5 exd5 26. g3 Kd6 27. Kg2 d4 28. Kf3 Kd5 29.
Ke2 b4 30. Rxb4 Rxb4 31. Rxb4 Ra2+ 32. Kf3 Kc5 33. Rb7 d3 34. Rc7+ Kd4 35. Rd7+ Kc3 36. Ke3 Re2+ 37. Kf3 Re6 38. Rc7+ Kd2 39. Rxf7 Rf6+ 40.
Rxf6 gxf6 41. Ke4 Ke2 42. Kf5 Kxf2 43. Kxf6 Kg2 44. g4 Kxh2 45. g5 d2 46. Kg7 d1=Q 47.
Kxh7 Qh5+ 0-1

[Event "*** Titled Tuesday Blitz"]
[Site "Chess.com"]
[Date "2018.12.04"]
[Round "2"]
[White "ValeriyGrinev"]
[Black "NemtsevIgor"]
[Result "1-0"]
[WhiteElo "2564"]
[BlackElo "2372"]
[TimeControl "180+2"]
[EndTime "13:21:55 PST"]
[Termination "ValeriyGrinev won by resignation"]

1. d4 c6 2. c4 d6 3. e4 Nd7 4.
Nc3 h6 5. f4 g5 6. fxg5 hxg5 7.
Bxg5 Bg7 8. Nf3 Qb6 9. Qd2 Nh6 10. O-O-O Nf8 11. c5 dxc5 12. dxc5 Qa5 13. Kb1 Be6 14. h3 Ng4 15. hxg4 Rxh1 16. Bf4 Ng6 17. Nd5 Qxd2 18. Nc7+ Kf8 19. Bxd2 Rd8 20. Nxe6+ fxe6 21. Kc2 Bf6 22. Bh6+ Rxh6 23. Rxd8+ Kg7 24. g5 Bxg5 25. Nxg5 Rh1 26. Bc4 Ne5 27. Nxe6+ Kf6 28. Rf8+ Kg6 29. Bf1 Ng4 30.
Kd2 Nf6 31. Bd3 Nd7 32. Rf5 Rg1 33. Bf1 Nf6 34. Nf4+ Kg7 35. Ke3 Ng4+ 36. Ke2 Nf6 37. Nh5+ Nxh5 38. Rxh5 Kg6 39. Rh3 Kg5 40. Kf2 Rxf1+ 41.
Kxf1 1-0

[Event "*** Titled Tuesday Blitz"]
[Site "Chess.com"]
[Date "2018.12.04"]
[Round "2"]
[White "KRASAVCHIK2002"]
[Black "VitaliyBernadskiy"]
[Result "0-1"]
[WhiteElo "2354"]
[BlackElo "2715"]
[TimeControl "180+2"]
[EndTime "13:21:56 PST"]
[Termination "VitaliyBernadskiy won by resignation"]

1. e4 c6 2. d4 d5 3. exd5 cxd5 4. Bd3 Nf6 5. c3 Nc6 6. Ne2 Bg4 7. f3 Bh5 8. O-O Bg6 9. Bf4 e6 10. Na3 Bxa3 11. bxa3 O-O 12. Bxg6 hxg6 13. Rb1 Na5 14. Nc1 Rc8 15. Bd2 b6 16. Nd3 Nc4 17. a4 Qc7 18.
Rc1 a5 19. Bf4 Qc6 20. Qb3 Nd7 21. Rfe1 Rfe8 22. Re2 f6 23. Rce1 Kf7 24. Bg3 g5 25. h4 gxh4 26. Bxh4 Nd6 27. Nf4 Qxc3 28. Qxc3 Rxc3 29.
Nxe6 Nf8 30. Nf4 Rxe2 31. Rxe2 g5 32. Nxd5 Rc1+ 33. Be1 Ne6 34. Kf2 Nxd4 35. Rd2 Nc2 36. Re2 Nf5 37. Bd2 Rd1 38. Bc3 Rxd5 39. Rxc2 Rc5 40. Rc1 Rc4 41. Bd2 Rxa4 42. Rc2 Nd4 43. Rb2 b5 44. Be3 Nf5 45. Rxb5 Rxa2+ 0-1

[Event "*** Titled Tuesday Blitz"]
[Site "Chess.com"]
[Date "2018.12.04"]
[Round "2"]
[White "IamSchrodingersCat"]
[Black "martinique24"]
[Result "0-1"]
[WhiteElo "2449"]
[BlackElo "2406"]
[TimeControl "180+2"]
[EndTime "13:22:00 PST"]
[Termination "martinique24 won on time"]

1. e4 e5 2. Nf3 Nf6 3. Nxe5 d6 4. Nf3 Nxe4 5. Nc3 Nxc3 6. dxc3 Be7 7. Be3 O-O 8. Qd2 Nd7 9. O-O-O Nf6 10. Bd3 c5 11. c4 b5 12. cxb5 a6 13. bxa6 Bxa6 14. Bxa6 Rxa6 15.
a3 d5 16. Bg5 d4 17. Qd3 Rb6 18. Nd2 Qd5 19. Bxf6 Bxf6 20. Nc4 Re6 21. g3 Rfe8 22. Kb1 g6 23. f4 Re2 24. h4 h5 25.
Rhg1 Bg7 26. f5 gxf5 27. Rgf1 R8e4 28. b3 Qe6 29. Qf3 d3 30. Qxd3 Rd4 31. Qf3 Rxc4 32. bxc4 Re3 33. Qd5 Qb6+ 34. Kc1 Qb2+ 35. Kd2 Qc3+ 36. Kc1 Re2 37. Qd8+ Kh7 0-1

[Event "*** Titled Tuesday Blitz"]
[Site "Chess.com"]
[Date "2018.12.04"]
[Round "2"]
[White "rasmussvane"]
[Black "joppie2"]
[Result "1-0"]
[WhiteElo "2683"]
[BlackElo "2716"]
[TimeControl "180+2"]
[EndTime "13:22:01 PST"]
[Termination "rasmussvane won by resignation"]

1. Nf3 Nf6 2. g3 d5 3. Bg2 c5 4. O-O Nc6 5. d4 e6 6. c4 dxc4 7. dxc5 Qxd1 8. Rxd1 Bxc5 9. Nbd2 c3 10. bxc3 O-O 11. Bb2 Be7 12. c4 Bd7 13. Nb3 Rfd8 14. Nfd4 Rac8 15. Nb5 b6 16. Nd6 Bxd6 17. Rxd6 Be8 18.
Rd3 Nb4 19. Rxd8 Rxd8 20. Bc3 a5 21. c5 bxc5 22. Nxc5 Rc8 23. Bxb4 axb4 24. Nd3 Rc2 25.
Nxb4 Rxe2 26. a4 Rb2 27. Nd3 Rb3 28. Nc5 Rc3 29. Nb7 g6 30. a5 Nd5 31. a6 Bc6 32. Na5 Ba8 33. a7 Rc7 34. Nb3 Kf8 35. Nd4 Ke7 36. Bxd5 exd5 37. Ra6 Kd7 38. Nb5 Rb7 39. Rd6+ Ke7 40. Rxd5 Rb6 41. Rc5 Ra6 42. f4 Ra5 43.
Rc7+ Kd8 44. Rxf7 Rxb5 45. Rf8+ Ke7 46. Rxa8 Ra5 47. Rh8 1-0

[Event "*** Titled Tuesday Blitz"]
[Site "Chess.com"]
[Date "2018.12.04"]
[Round "2"]
[White "JordanaEmiel"]
[Black "Morshynska"]
[Result "1/2-1/2"]
[WhiteElo "2037"]
[BlackElo "2067"]
[TimeControl "180+2"]
[EndTime "13:22:02 PST"]
[Termination "Game drawn by agreement"]

1. d4 Nf6 2. c4 e6 3. Nc3 Bb4 4. Qc2 c5 5. dxc5 O-O 6. Nf3 Bxc5 7. e3 b6 8. Be2 Bb7 9. O-O Nc6 10. a3 Be7 11. Rd1 Rc8 12. b3 Qc7 13. Bb2 Qb8 14.
Rac1 Na5 15. Nd4 d5 16. cxd5 Nxd5 17. b4 Nc4 18. Bxc4 Rxc4 19. Qb3 Rfc8 20. Nxd5 Bxd5 21.
Rxc4 Bxc4 22. Qc2 Bd6 23. h3 Qb7 24. Rc1 Bb8 25. Qc3 Be5 26. Qd2 b5 27. Nf3 Bxb2 28. Qxb2 Bd5 29. Ne1 a6 30. f3 h6 31. e4 Rxc1 32. Qxc1 Bc4 33. Qd2 Qb6+ 34. Kh2 Kh7 35. Nc2 e5 36. Ne3 Qd4 37. Qc1 g6 38. Kg3 h5 39. h4 Qd3 1/2-1/2

[Event "*** Titled Tuesday Blitz"]
[Site "Chess.com"]
[Date "2018.12.04"]
[Round "2"]
[White "BlackBoarder"]
[Black "Satscho"]
[Result "1-0"]
[WhiteElo "2511"]
[BlackElo "2317"]
[TimeControl "180+2"]
[EndTime "13:22:04 PST"]
[Termination "BlackBoarder won by checkmate"]

1. e4 c5 2. Nf3 d6 3. c3 Nf6 4. h3 Nc6 5. Bd3 e6 6. O-O Be7 7. Bc2 O-O 8. d4 cxd4 9. cxd4 b6 10. Nc3 Bb7 11. Bf4 Rc8 12. Rc1 Na5 13. Qe2 Nc4 14. Bd3 d5 15. e5 Ne4 16. b3 Nxc3 17. Rxc3 Na5 18. Rfc1 Rxc3 19. Rxc3 Qb8 20. Bd2 Rc8 21. h4 Rc7 22. h5 Qc8 23. Rxc7 Qxc7 24. h6 g6 25. Ng5 Qd8 26. Qg4 Nc6 27. Nxe6 Qd7 28.
Bf5 Bc8 29. Ng7 gxf5 30. Nxf5+ Kf8 31. Qg7+ Ke8 32. Qg8+ Bf8 33. Ng7+ Ke7 34. Bg5+ f6 35. Bxf6# 1-0

[Event "*** Titled Tuesday Blitz"]
[Site "Chess.com"]
[Date "2018.12.04"]
[Round "2"]
[White "chidori_boruto"]
[Black "penguingm1"]
[Result "0-1"]
[WhiteElo "2572"]
[BlackElo "2776"]
[TimeControl "180+2"]
[EndTime "13:22:06 PST"]
[Termination "penguingm1 won on time"]

1. d4 d5 2. Nf3 e6 3. c4 Nf6 4. Nc3 Be7 5. Bg5 h6 6. Bxf6 Bxf6 7. e3 O-O 8. Rc1 c6 9. Be2 Nd7 10. O-O Qe7 11. Qc2 dxc4 12. Bxc4 e5 13. Rfd1 exd4 14. Nxd4 Ne5 15. Be2 Rd8 16. h3 g6 17. a3 Bg7 18. Na4 Bd7 19. Nc5 Be8 20. Qb3 b6 21. Ne4 c5 22. Nf3 Bc6 23. Nxe5 Qxe5 24. Nc3 Qg5 25.
Bf1 h5 26. e4 h4 27. Bc4 Qf4 28. Bd5 Bxd5 29. exd5 Be5 30. Kf1 Bd4 31. Rc2 Qh2 32. Ne2 Qh1+ 33. Ng1 Be5 34. g3 hxg3 35. fxg3 Bd4 36.
Rg2 Rd6 37. Rd3 Bxg1 38. Rxg1 Rf6+ 0-1